 Dungeon Crawl Stone Soup version 0.22-a0-825-ga28c36f (webtiles) character file.

18 MothsLongingForFire the Skirmisher (level 2, 0/24 HPs)
             Began as a Demonspawn Monk on July 24, 2018.
             Succumbed to a worker ant's poison
             ... on level 1 of the Dungeon.
             The game lasted 00:01:28 (978 turns).

MothsLongingForFire the Skirmisher (Demonspawn Monk) Turns: 978, Time: 00:01:29

Health: 0/24       AC:  5    Str: 11    XL:     2   Next: 48%
Magic:  2/2        EV: 11    Int: 11    God:
Gold:   62         SH:  0    Dex: 15    Spells: 1/1 levels left

rFire    . . .     SeeInvis .   a - +0 spear
rCold    . . .     Gourm    .   (no shield)
rNeg     . . .     Faith    .   h - +0 ring mail
rPois    .         Spirit   .   (helmet restricted)
rElec    .         Reflect  .   (no cloak)
rCorr    .         Harm     .   (no gloves)
MR       .....                  (no boots)
Stlth    +.........             (no amulet)
HPRegen  0.08/turn              (no ring)
MPRegen  0.08/turn              (no ring)

@: lethally poisoned (0 -> -13)
A: horns 1
a: no special abilities


You were on level 1 of the Dungeon.
You were not hungry.

You visited 1 branch of the dungeon, and saw 2 of its levels.

You collected 62 gold pieces.


Innate Abilities, Weirdness & Mutations

You have a pair of small horns on your head.


   Skills:
 + Level 3.3 Fighting
 * Level 3.3 Polearms
 - Level 2.6 Dodging
 - Level 1.7 Stealth


You had one spell level left.
You didn't know any spells.
Your spell library was empty.

Inventory:

Hand Weapons
 a - a +0 spear (weapon)
Missiles
 e - 50 stones (quivered)
Armour
 b - a +0 robe
 h - a +0 ring mail (worn)
Scrolls
 i - a scroll of enchant weapon {unknown}
 j - a scroll of fear {unknown}
 m - a scroll of magic mapping {unknown}
 n - a scroll of amnesia {unknown}
 o - a scroll of fog {unknown}
 p - a scroll of teleportation {unknown}
Potions
 d - a potion of lignification {unknown}
 f - 2 potions of heal wounds {unknown}
 g - a potion of curing {unknown}
 k - a potion of agility {unknown}
Comestibles
 c - a ration {@e1}
 l - 4 chunks of flesh

Dungeon Overview and Level Annotations

Branches:
Dungeon (2/15)

Altars:

....#####....#.##.............#..##
........#....#.##........######....
................#........######....
###.............##.#####.#....+....
##.##..........#.#####.#...##....
#.##........#.#.#.....#.#.##....
#.###########...#.#######.###...
####......# ##....#...#8...8#...
..........# #@a###.#####.###...
###.......# ##># #.# #8...8#...
#.......# ### #.# ###.###...
###.......## ####.# #8...8#...
.##........## #....# ###.######
.##.........#######.#### #8...8#..#
.##...................# ####.####.#
.##........##'''##.##.###....# #.#
.##........#.....#.....##....# #.#


You could see a worker ant.


Message History

The worker ant is lightly wounded.
The worker ant bites you but does no damage.
You closely miss the worker ant.
The worker ant is lightly wounded.
The worker ant bites you.
You hit the worker ant but do no damage.
You headbutt the worker ant.
The worker ant is moderately wounded.
The worker ant misses you. The worker ant bites you.
* * * LOW HITPOINT WARNING * * *
You are too injured to fight recklessly!
The worker ant barely misses you.
There is a stone staircase leading up here.
The worker ant bites you.
* * * LOW HITPOINT WARNING * * *
You are poisoned.
The worker ant poisons you!
You climb upwards.
You feel sick.
There is a stone staircase leading down here.
You feel sick. The worker ant bites you.
* * * LOW HITPOINT WARNING * * *
You are more poisoned.
The worker ant poisons you!
You hit the worker ant but do no damage.
The worker ant is moderately wounded.
* * * LOW HITPOINT WARNING * * *
You feel sick. The worker ant barely misses you.
You hit the worker ant but do no damage.
The worker ant is moderately wounded.
You die...

Skill      XL: |  1 |
---------------+----+-----
Polearms       | 3 |  3.3
Fighting       | |  3.3
Dodging        | |  2.6
Stealth        | |  1.7

Action                   || total
-------------------------++-------
Melee: Spear             ||    49
       Headbutt          ||     4
 Stab: Sleeping          ||     1
Armor: Ring mail         ||     6
Dodge: Dodged            ||    22

Vault maps used:
D:1:      dpeg_arrival_windows_large_door, minmay_misc_feat_hallway,
          st_stairs_14

Notes
Turn   | Place    | Note
-------+----------+-------------------------------------------
     0 | D:1      | MothsLongingForFire the Demonspawn Monk began the quest for the Orb.
     0 | D:1      | Reached XP level 1. HP: 18/18 MP: 1/1
   352 | D:1      | Reached skill level 3 in Polearms
   372 | D:1      | Gained mutation: You have a pair of small horns on your head. [demonic ancestry]
   372 | D:1      | Reached XP level 2. HP: 23/24 MP: 2/2
   976 | D:1      | HP: 2/24 [worker ant (6)]
   978 | D:1      | Succumbed to a worker ant's poison

Vanquished Creatures
  A dart slug (D:1)
  3 bats (D:1)
  4 goblins
  2 hobgoblins
  A jackal (D:1)
  A kobold (D:1)
  2 rats (D:1)
14 creatures vanquished.

Table legend:
 A = Turns spent in this place as a percentage of turns spent in the entire game.
 B = Non-inter-level travel turns spent in this place as a percentage of non-inter-level travel turns spent in the entire game.
 C = Inter-level travel turns spent in this place as a percentage of turns spent in this place.
 D = Turns resting spent in this place as a percentage of non-inter-level travel turns spent in this place.
 E = Turns spent auto-exploring this place as a percentage of non-inter-level travel turns spent in this place.
 F = Non-inter-level travel turns spent in this place divided by the number of levels of this place that you've seen.
                   A       B       C       D       E      F
               +-------+-------+-------+-------+-------+----------------------
         Total | 100.0 | 100.0 |   7.4 |  12.5 |  65.3 | 453.0
       Dungeon | 100.0 | 100.0 |   7.4 |  12.5 |  65.3 | 453.0
               +-------+-------+-------+-------+-------+----------------------

Table legend:
 A = Spawn XP
 B = Non-spawn XP
 C = Spawn XP percentage of total XP
 D = Spawn monster count
 E = Non-spawn monster count
 F = Spawn count percentage of total count
 G = Total turns spent on level
                    A         B        C        D         E        F      G
               +---------+---------+-------+---------+---------+-------+---------
         Total |       0 |      26 |   0.0 |       0 |      14 |   0.0 |   978
               +---------+---------+-------+---------+---------+-------+---------
           D:1 |       0 |      22 |   0.0 |       0 |      12 |   0.0 |   921
           D:2 |       0 |       4 |   0.0 |       0 |       2 |   0.0 |    57
               +---------+---------+-------+---------+---------+-------+---------
